 Dungeon Crawl Stone Soup version 0.20-a0-830-g2c9a30d (webtiles) character file.

11 4thArraOfDagon the Scratcher (level 2, 0/11 HPs)
             Began as a Felid Wanderer on Mar 6, 2017.
             Slain by a goblin
             ... wielding a +0 club
             ... led by Robin
              (2 damage)
             ... on level 2 of the Dungeon.
             The game lasted 00:02:05 (378 turns).

4thArraOfDagon the Scratcher (Felid Wanderer)        Turns: 378, Time: 00:02:07

Health: 0/11       AC:  1    Str: 11    XL:     2   Next: 13%
Magic:  4/4        EV: 17    Int: 13    God:
Gold:   48         SH:  0    Dex: 12    Spells: 3/3 levels left
                                        Lives:  0   Deaths: 0

rFire    . . .     SeeInvis +     - Unarmed
rCold    . . .     Gourm    .   (armour unavailable)
rNeg     + . .     Faith    .   (shield unavailable)
rPois    .         Spirit   .   (helmet unavailable)
rElec    .         Reflect  .   (cloak unavailable)
rCorr    .         Harm     .   (gloves unavailable)
MR       .....                  (boots unavailable)
Stlth    ++........             (no amulet)
Regen    0.1/turn               (no ring)
MPRegen  0.1/turn               b - ring of positive energy

@: lethally poisoned (0 -> -15), flying, quick
A: no armour, no weapons or thrown items, stealth, claws 1, fangs 3, see
invisible, carnivore 3, speed 1, shaggy fur 1, slow metabolism 1, sharp paws
a: no special abilities


You were on level 2 of the Dungeon.
You were full.

You visited 1 branch of the dungeon, and saw 2 of its levels.

You collected 48 gold pieces.

Inventory:

Jewellery
 b - a ring of positive energy (left paw)
Scrolls
 a - a scroll of blinking
 e - a scroll of remove curse {unknown}
 g - a scroll of identify {unknown}
Potions
 c - a potion of lignification
 i - a potion of flight
Books
 d - Tuuts's Catalogue of the Blaze

   Spells                             Type                      Level
   a - Flame Tongue                   Conjuration/Fire             1
   b - Conjure Flame                  Conjuration/Fire             3
Comestibles
 f - a meat ration


   Skills:
 + Level 2.4 Dodging
 - Level 2.6 Stealth
 - Level 5.0 Unarmed Combat
 - Level 1.0 Spellcasting
   Level 1.5 Hexes
   Level 1.1 Transmutations


You had 3 spell levels left.
You didn't know any spells.

Dungeon Overview and Level Annotations

Branches:
Dungeon (2/15)

Altars:

Annotations:
D:2 Ijyb, Robin


Innate Abilities, Weirdness & Mutations

You cannot wear armour.
You are incapable of wielding weapons or throwing items.
Your paws allow you to move quietly. (Stealth)
You have sharp claws.
You have razor-sharp teeth.
You have supernaturally acute eyesight. (SInv)
You are carnivorous and can eat meat at any time.
You cover ground quickly.
You are covered in fur. (AC +1)
You have a slow metabolism.
Your sharp claws are effective at attacking unaware monsters.


Message History

Unknown command.
e - a scroll labeled KOHASS TATEIW The bat completely misses you.
The adder bites you.
You are lethally poisoned!
The adder poisons you! The adder barely misses you.
Unknown command.
You feel sick. The goblin completely misses you.
Unknown command.
It was a potion of flight.
You feel very buoyant.
You fly up into the air.
The adder closely misses you. The goblin closely misses you.
Unknown command.
It was a potion of magic.
Magic courses through your body.
* * * LOW HITPOINT WARNING * * *
You feel sick. The adder bites you.
* * * LOW HITPOINT WARNING * * *
You are more poisoned.
The adder poisons you! The goblin hits you with a club.
You die...

.#.# #...######*,,,,,*****,**
.#.#######........###*,,,,,**,,,,
.#..................#*,***,**,,,,
....................#*,*,,,,,,,,,
.#..l...............##.#,*,**,,,,
..s#######......sg#.....,,,**,,,,
s### #...###bg......*,,****** .#
#...# #S##....#**,** .# #...#
#@#*...## **,** .# #...# #g#*,g##
**,* .# #...# #.#**,g** **,,* ##
*#.,,* #..,,,,,***,*,****
*,,,***###*,,,*,*,**,*,,,
*********,,,,,,,,,,,,,,,,,,,,,,,,
,,,**,,,,,,,*******,,,*,****,*,,,
***,*,**,,,,,,,* **,**,****,****
,,,,,,,,,*****,* *,**,,,,,,*


You could see an adder, a giant cockroach, a hobgoblin, 2 goblins and a bat.

Vanquished Creatures
  2 giant cockroaches (D:2)
  2 hobgoblins (D:1)
  A kobold (D:1)
  A quokka (D:2)
  A ball python (D:1)
  A bat (D:2)
  2 rats
10 creatures vanquished.

Notes
Turn   | Place    | Note
-------+----------+-------------------------------------------
     0 | D:1      | 4thArraOfDagon the Felid Wanderer began the quest for the Orb.
     0 | D:1      | 4thArraOfDagon set off with: a scroll of blinking, a potion of heal wounds, a potion of lignification, Tuuts's Catalogue of the Blaze, a meat ration
     0 | D:1      | Reached XP level 1. HP: 7/7 MP: 3/3
     0 | D:1      | Identified Tuuts's Catalogue of the Blaze
    43 | D:1      | Reached skill level 1 in Dodging
   145 | D:2      | Reached XP level 2. HP: 11/11 MP: 4/4
   212 | D:2      | Noticed Ijyb
   370 | D:2      | Noticed Robin
   378 | D:2      | Slain by a goblin

Vault maps used:
D:1:      lightli_arrival_windingriver
D:2:      first_bread, uniq_iyjb, uniq_robin

Skill      XL: |  1 |
---------------+----+-----
Dodging        | 2 |  2.4
Stealth        | |  2.6
Unarmed Combat | |  5.0
Spellcasting   | |  1.0
Hexes          | |  1.5
Transmutations | |  1.1

Action                   || total
-------------------------++-------
Melee: Unarmed           ||    19
       Bite              ||     3
  Use: Potion            ||     3
       Scroll            ||     1
 Stab: Sleeping          ||     3
  Eat: Chunk             ||     3
Armor: Skin              ||     3
Dodge: Dodged            ||    48
